AoeStats
← BYoooo

Hideout

509905771Analyzed
1v1 RM · 3d ago on Sep 28, 2026· 51m 50s· 2 players
Game mode
Random Map
Map size
Tiny (2 player)
Population
200
Speed
Normal
Resources
Standard
Victory
Conquest
Starting age
Dark Age
Ending age
Imperial Age
RankedLock teamsTeams togetherTeam positionsShared explorationLock speedFull tech treeHidden civsTurbo modeCheats
Victory
Defeat
🇩🇪 Franks · Germany
677
+17
🇹🇷 Sicilians · Türkiye
700
-17
BYoooo
10:44 Feudal Age
10:33 Loom
11:40 Double-Bit Axe
19:04 Castle Age
24:41 Bow Saw
24:42 Scale Barding Armor
24:48 Forging
27:04 Wheelbarrow
27:41 Iron Casting
30:02 Husbandry
33:05 Hand Cart
33:01 Gold Mining
33:06 Stone Mining
35:22 Chain Barding Armor
40:14 Imperial Age
38:51 Fletching
39:30 Town Watch
40:26 Gold Shaft Mining
40:15 Masonry
40:26 Ballistics
40:05 Murder Holes
39:52 Treadmill Crane
43:36 Town Patrol
43:27 Cavalier
45:05 Conscription
45:38 Architecture
45:26 Siege Engineers
46:46 Chivalry
47:25 Hoardings
49:13 Paladin
hakangerin
13:13 Feudal Age
12:35 Loom
14:29 Horse Collar
14:37 Double-Bit Axe
22:45 Wheelbarrow
21:56 Town Watch
25:03 Stone Mining
25:03 Gold Mining
26:53 Scale Mail Armor
27:04 Forging
26:55 Padded Archer Armor
28:03 Fletching
40:06 Arson
39:42 Man-at-Arms
41:20 Forging
46:10 Castle Age
47:19 Squires
46:40 Pikeman
46:41 Long Swordsman
47:07 Gambesons
47:44 Chain Mail Armor
48:04 Iron Casting
Connection lost

Rejoining the realm…

Still unreachable

The connection could not be restored.

Session expired

The server has moved on; the page needs a fresh start.